AoeStats
← [AirBo]一大包

African Clearing

506846671Analyzed
4v4 RM · 15d ago on Sep 15, 2026· 30m 3s· 8 players
Game mode
Random Map
Map size
Large (8 player)
Population
200
Speed
Normal
Resources
Standard
Victory
Conquest
Starting age
Dark Age
Ending age
Imperial Age
RankedLock teamsTeams togetherTeam positionsShared explorationLock speedFull tech treeHidden civsTurbo modeCheats
Victory
Defeat
🇦🇷 Inca · Argentina
1701
+11
🇭🇰 Gurjaras · Hong Kong SAR China
1673
+12
🇹🇼 Koreans · Taiwan
1605
+15
🇹🇼 Jurchens · Taiwan
1585
+15
🇨🇳 Turks · China
1610
-14
🇹🇼 Teutons · Taiwan
1583
-13
🇫🇮 Shu · Finland
1573
-13
🇨🇳 Bengalis · China
1567
-13
向阳花
4:34 Loom
12:51 Feudal Age
13:30 Feudal Age
18:06 Castle Age
16:33 Double-Bit Axe
18:13 Gold Mining
22:51 Redemption
24:50 Atonement
joosephy
5:00 Loom
12:40 Feudal Age
15:33 Double-Bit Axe
19:02 Fletching
大骚刚
3:14 Loom
13:52 Feudal Age
18:47 Castle Age
17:02 Double-Bit Axe
18:03 Horse Collar
19:49 Bloodlines
19:39 Husbandry
Pyrrhos
11:31 Feudal Age
12:03 Double-Bit Axe
12:47 Loom
[AirBo]實心包
4:45 Loom
12:41 Feudal Age
13:21 Double-Bit Axe
21:50 Castle Age
21:38 Fletching
21:53 Elite Skirmisher
22:33 Bodkin Arrow
23:35 Bow Saw
23:42 Horse Collar
26:57 Scale Barding Armor
甜心包
4:06 Loom
13:40 Feudal Age
17:49 Castle Age
17:24 Double-Bit Axe
19:08 Fletching
[AirBo]一大包
8:09 Loom
11:51 Feudal Age
13:36 Wheelbarrow
13:38 Double-Bit Axe
19:11 Fletching
19:43 Horse Collar
22:10 Town Watch
26:54 Castle Age
25:26 Gold Mining
26:37 Bloodlines
26:39 Forging
27:15 Scale Barding Armor
30:12 Iron Casting
[AirBo]空氣包
10:09 Loom
12:25 Feudal Age
13:11 Double-Bit Axe
19:13 Castle Age
17:28 Fishing Lines
17:58 Horse Collar
18:10 Gold Mining
17:43 Champi Runner
19:23 Scale Mail Armor
19:23 Champi Warrior
20:43 Bow Saw
24:04 Squires
24:48 Chain Mail Armor
25:09 Arson
26:45 Forging
28:42 Wheelbarrow
28:57 Iron Casting
Connection lost

Rejoining the realm…

Still unreachable

The connection could not be restored.

Session expired

The server has moved on; the page needs a fresh start.